 Dungeon Crawl Stone Soup version 0.29.0-4-gdea44cf6ec (webtiles) character file.

Game seed: 13550632330137173731

20 qw the Chopper (level 2, -7/17 HPs)
             Began as a Tengu Warper on Aug 28, 2022.
             Mangled by a gnoll
             ... wielding a +0 spear of venom
              (9 damage)
             ... on level 2 of the Dungeon.
             The game lasted 00:00:04 (1345 turns).

qw the Chopper (Tengu Warper)                       Turns: 1345, Time: 00:00:05

Health: -7/17      AC:  3    Str: 11    XL:     2   Next: 79%
Magic:  6/6        EV: 11    Int: 13    God:
Gold:   48         SH:  0    Dex: 13    Spells: 5/5 levels left

rFire   . . .      SeeInvis .   Y - +0 hand axe
rCold   . . .      Faith    .   (no shield)
rNeg    . . .      Spirit   .   b - +0 leather armour
rPois   .          Reflect  .   (helmet restricted)
rElec   .          Harm     .   (no cloak)
rCorr   .          Rampage  .   (no gloves)
Will    .....                   (boots unavailable)
Stlth   +.........              (no amulet)
HPRegen 0.05/turn               (no ring)
MPRegen 0.10/turn               (no ring)

@: lethally poisoned (-7 -> -18)
A: beak, talons 3
a: no special abilities


You were on level 2 of the Dungeon.
You visited 1 branch of the dungeon, and saw 2 of its levels.

You collected 48 gold pieces.


Innate Abilities, Weirdness & Mutations

You have a beak for a mouth.
You have claws for feet.


   Skills:
 - Level 2.0 Fighting
 + Level 3.6 Axes
 - Level 1.0 Throwing
 - Level 1.1 Armour
 - Level 2.1 Dodging
 - Level 2.0 Spellcasting
 - Level 2.4 Translocations


You had 5 spell levels left.
You didn't know any spells.
Your spell library contained the following spells:

 Spells                   Type           Power      Damage    Failure   Level
 Blink                    Tloc           14%        N/A       19%         2
 Gell's Gravitas          Tloc           7%         N/A       36%         3
 Lesser Beckoning         Tloc           7%         N/A       36%         3
 Teleport Other           Tloc           7%         N/A       36%         3
 Manifold Assault         Tloc           7%         N/A       98%         5

Inventory:

Hand Weapons
 g - a +0 whip
 Y - a +0 hand axe (weapon)
Armour
 b - a +0 leather armour (worn)
Scrolls
 a - a scroll of identify {unknown}
Potions
 c - a potion of heal wounds {unknown}
 d - a potion of brilliance {unknown}
 j - a potion of attraction {unknown}
 k - a potion of curing {unknown}

Dungeon Overview and Level Annotations

Branches:
Dungeon (2/15)

Altars:


Message History

HP restored.
a - a scroll labelled FEORIS XOMNIC
Things that are here:
a +0 club; 3 stones
c - a blue potion
Things that are here:
a +0 club; 3 stones A quokka comes into view.
You hit the quokka. You claw the quokka. You peck the quokka, but do no damage.
The quokka is almost dead.
The quokka closely misses you.
You hit the quokka.
You kill the quokka!
Found a helmet.
A gnoll comes into view. It is wielding a +0 spear of venom.
1236 ||| Stepping ~*~*~tactically~*~*~ (hiding).
You start waiting.
Done waiting.
The gnoll shouts!
You hear a shout! x2
1338 ||| Stepping ~*~*~tactically~*~*~ (hiding).
1339 ||| Stepping ~*~*~tactically~*~*~ (hiding).
You start waiting.
A gnoll is nearby!
The gnoll hits you from afar with a +0 spear of venom.
You are lethally poisoned!
You feel very sick. The gnoll misses you.
You closely miss the gnoll. Your kick misses the gnoll.
You feel very sick. The gnoll barely misses you.
You hit the gnoll. Your kick misses the gnoll. Your peck misses the gnoll.
The gnoll is lightly wounded.
You feel sick. The gnoll hits you but does no damage.
You are more poisoned.
You barely miss the gnoll. Your peck misses the gnoll.
The gnoll is lightly wounded.
You feel very sick.
The gnoll hits you with a +0 spear of venom!
Ouch! That really hurt!
You die...

#)#..##.##
#.......#
#.####### ###
#.......# #.#
#.#####.......#
#.#
#.............#
#.#
#..###........#
#.#
#.####.....####
#.#
#[...#.#####
#.# #.##.#.#
#.# #.##@#.#
#.# #....g.#
### ####.#.#
#.#... ..# ...
... #### ###


You could see a gnoll.

Vanquished Creatures
  2 bats (D:1)
  5 endoplasms
  A hobgoblin (D:1)
  2 jackals (D:1)
  3 kobolds
  A quokka (D:2)
  A ball python (D:1)
  A frilled lizard (D:1)
  A rat (D:1)
17 creatures vanquished.

Notes
Turn   | Place    | Note
-------+----------+-------------------------------------------
     0 | D:1      | qw the Tengu Warper began the quest for the Orb.
     0 | D:1      | Reached XP level 1. HP: 12/12 MP: 4/4
     0 | D:1      | 0 ||| qw: Version: 0.1-a-89-g26bdef1
     0 | D:1      | 0 ||| qw: Game counter: 322
     0 | D:1      | 0 ||| qw: Always use a shield: true
     0 | D:1      | 0 ||| qw: God list: Okawaru
     0 | D:1      | 0 ||| qw: Allow faded altars: false
     0 | D:1      | 0 ||| qw: Do Orc after D:15 true
     0 | D:1      | 0 ||| qw: Do second Lair branch before Depths: true
     0 | D:1      | 0 ||| qw: Lair rune preference: random
     0 | D:1      | 0 ||| qw: Plans: Normal
     0 | D:1      | 0 ||| PLANNING D:1-11
    10 | D:1      | 10 ||| Stepping ~*~*~tactically~*~*~ (stealth).
    13 | D:1      | 13 ||| Stepping ~*~*~tactically~*~*~ (stealth).
   431 | D:1      | Reached XP level 2. HP: 17/17 MP: 6/6
   434 | D:1      | Reached skill level 3 in Axes
   613 | D:1      | Found a faded altar of an unknown god.
   646 | D:1      | 646 ||| Stepping ~*~*~tactically~*~*~ (stealth).
   857 | D:1      | 857 ||| READING scroll labelled IDAUGY TOPNOER.
   858 | D:1      | 858 ||| READING scroll labelled QARIOG GUSUREI.
   859 | D:1      | 859 ||| READING scroll labelled RUCLIU OSHATO.
   860 | D:1      | 860 ||| DRINKING 2 glowing white potions.
   965 | D:1      | 965 ||| DROPPING scroll of blinking.
   966 | D:1      | 966 ||| DROPPING potion of berserk rage.
  1236 | D:2      | 1236 ||| Stepping ~*~*~tactically~*~*~ (hiding).
  1338 | D:2      | 1338 ||| Stepping ~*~*~tactically~*~*~ (hiding).
  1339 | D:2      | 1339 ||| Stepping ~*~*~tactically~*~*~ (hiding).
  1345 | D:2      | HP: 2/17 [poisoned by a gnoll]
  1345 | D:2      | Mangled by a gnoll

Levels and vault maps discovered:
D:1:      dpeg_arrival_court, layout_rooms, basic_ecumenical_altar
D:2:      layout_loops_cross, kennysheep_another_room, grunt_ministairs_11,
          nicolae_underground_beach

Skill      XL: |  1  2 |
---------------+-------+-----
Axes           | 3 |  3.6
Fighting       | |  2.0
Throwing       | |  1.0
Armour         | |  1.1
Dodging        | |  2.1
Spellcasting   | |  2.0
Translocations | |  2.4

Action                   || total
-------------------------++-------
Melee: Hand axe          ||    41
       Kick              ||    11
       Peck              ||     4
Throw: Boomerang         ||     7
  Use: Scroll            ||     3
       Potion            ||     1
Armor: Leather armour    ||     9
Dodge: Dodged            ||    15

Table legend:
 A = Non-vault XP
 B = Vault XP
 C = Vault XP percentage of total XP
 D = Non-vault monster count
 E = Vault monster count
 F = Vault count percentage of total count
                 A         B        C        D         E       F
            +---------+---------+-------+---------+---------+-------
      Total |      29 |       0 |   0.0 |      17 |       0 |   0.0
            +---------+---------+-------+---------+---------+-------
        D:1 |      23 |       0 |   0.0 |      14 |       0 |   0.0
        D:2 |       6 |       0 |   0.0 |       3 |       0 |   0.0
            +---------+---------+-------+---------+---------+-------
